 Dungeon Crawl Stone Soup version 0.23-a0-395-gcf17ac6c65 (webtiles) character file.

11057 Notair the Severer (level 11, -1/105 HPs)
             Began as a Minotaur Gladiator on Nov 2, 2018.
             Was a High Priest of Okawaru.
             Slain by a skeletal warrior
             ... wielding a +0 dire flail
             ... led by a skeletal warrior
              (23 damage)
             ... on level 11 of the Dungeon.
             The game lasted 00:34:11 (11410 turns).

Notair the Severer (Minotaur Gladiator)            Turns: 11410, Time: 00:34:12

Health: -1/105     AC: 10    Str: 26    XL:     11   Next: 44%
Magic:  10/10      EV: 10    Int:  5    God:    Okawaru [*****.]
Gold:   535        SH:  0    Dex: 11    Spells: 10/10 levels left

rFire    + . .     SeeInvis .   I - +2 whip (elec)
rCold    . . .     Gourm    .   (no shield)
rNeg     + . .     Faith    .   e - +0 chain mail
rPois    +         Spirit   .   c - +1 hat
rElec    .         Reflect  .   O - +0 cloak
rCorr    .         Harm     .   (no gloves)
MR       .....                  (no boots)
Stlth    ..........             (no amulet)
HPRegen  0.27/turn              D - ring of positive energy
MPRegen  0.12/turn              L - ring "Comuam" {rPois rF+ Str+3 Stlth+}

@: no status effects
A: retaliatory headbutt, horns 2
a: Heroism, Finesse, Renounce Religion


You were on level 11 of the Dungeon.
You worshipped Okawaru.
Okawaru was extremely pleased with you.
You were not hungry.

You visited 2 branches of the dungeon, and saw 12 of its levels.

You collected 661 gold pieces.
You spent 126 gold pieces at shops.

Inventory:

Hand Weapons
 a - a +1 war axe of freezing
 d - a +0 fustibalus
 C - a +0 blowgun
 I - a +2 whip of electrocution (weapon)
Missiles
 t - 12 tomahawks (quivered)
 u - a throwing net
 y - 29 poisoned needles
 E - 58 bolts
 F - 148 sling bullets
 N - 7 javelins of penetration
Armour
 b - a +0 leather armour
 c - a +1 hat (worn)
 e - a +0 chain mail (worn)
 O - a +0 cloak (worn)
 R - a +0 hat of intelligence
Jewellery
 D - a ring of positive energy (left hand)
 L - the ring "Comuam" (right hand) {rPois rF+ Str+3 Stlth+}
   (You bought it in a shop on level 5 of the Dungeon)

   [ring of protection from fire]

   It affects your strength (+3).
   It protects you from fire.
   It protects you from poison.
   It makes you more stealthy.
 U - a +3 ring of strength {unknown}
Wands
 o - a wand of clouds (3)
 p - a wand of iceblast (3)
 M - a wand of paralysis (20)
 T - a wand of flame (23)
Scrolls
 k - a scroll of identify
 n - a scroll of enchant weapon
 r - 7 scrolls of amnesia
 v - 6 scrolls of teleportation
 w - a scroll of blinking {unknown}
 x - 4 scrolls of enchant armour
 J - 2 scrolls of remove curse
Potions
 g - 2 potions of agility
 h - 2 potions of might
 i - a potion of curing
 j - 4 potions of flight
 l - a potion of magic
 m - 4 potions of brilliance
 q - 3 potions of heal wounds
 s - 4 potions of mutation
 z - 5 potions of haste
 B - 2 potions of degeneration
 G - a potion of berserk rage
 H - a potion of ambrosia
 P - a potion of cancellation
 Q - a potion of lignification {unknown}
Miscellaneous
 A - a box of beasts
 S - a sack of spiders
Comestibles
 f - 21 rations
 V - 2 chunks of flesh


   Skills:
 + Level 12.4 Fighting
 * Level 16.7 Axes
 - Level 2.0 Throwing
 - Level 1.8 Armour
 - Level 3.7 Dodging


You had 10 spell levels left.
You didn't know any spells.
Your spell library contained the following spells:

 Spells                   Type           Power        Failure   Level  Hunger
 Magic Dart               Conj           #...         98%         1    ##.....
 Blink                    Tloc           N/A          99%         2    ###....
 Call Imp                 Summ           #.......     99%         2    ###....
 Slow                     Hex            #.......     99%         2    ###....
 Conjure Flame            Conj/Fire      #.......     100%        3    ####...
 Mephitic Cloud           Conj/Pois/Air  #.......     100%        3    ####...


Dungeon Overview and Level Annotations

Branches:
Dungeon (11/15)            Temple (1/1) D:4            Lair (0/6) D:9
    Orc: D:9-12

Altars:
Ashenzari
Dithmenos
Elyvilon
Gozag
Kikubaaqudgha
Makhleb
Nemelex Xobeh
Okawaru
Qazlal
Sif Muna
Trog
Uskayaw
Vehumet
Xom
The Shining One

Shops:
D:5 *   D:10 [

Portals:
Trove: D:10 (give 12 potions of heal wounds)

Annotations:
D:6 1 runed door
D:7 exclusion: statue


Innate Abilities, Weirdness & Mutations

You reflexively headbutt those who attack you in melee.
You have a pair of horns on your head.


Message History

Okawaru accepts your kill.
You feel like a meek peon again.
You see here a killer bee corpse.
You see here a killer bee corpse.
You see here 4 large rocks.
Okay, then.
There's nothing to close nearby.
Evoke which item? (* to show all) (? for menu, Esc to quit)
Aiming: Cloud Cone
Press: ? - help, Dir - move target cursor, f - skeletal warrior
Aim: a skeletal warrior, wielding a +0 dire flail You create a blast of poison gas!
The skeletal warrior hits you with a +0 dire flail!!
As you read the scroll of summoning, it crumbles to dust.
Wisps of shadow whirl around you...
The skeletal warrior hits your centaur zombie with a +0 glaive!!
The skeletal warrior hits you with a +0 scimitar!
* * * LOW HITPOINT WARNING * * *
The skeletal warrior hits you with a +0 dire flail!!
You die...

#...# #...#
#...# #...#
#...# #..O#
# #...# #
#.@.# . #
#zz.# ... #
#uZ§###....
#
#§z§r....[.
#
#§§§§......
.####
#..####r...
.....
.#######..#
... .....
..........#
.. .####
..........#
.


You could see 3 skeletal warriors, a quokka, a friendly cyan ugly thing, a
friendly ogre and a friendly centaur zombie.

Vanquished Creatures
  Gastronok (D:8)
  Erolcha (D:9)
  2 skeletal warriors
  Pikel (D:5)
  An ugly thing (D:10)
  A cyclops (D:11)
  Maurice (D:8)
  A komodo dragon (D:9)
  2 trolls
  Prince Ribbit (D:8)
  A human (D:8)
  2 yaks (D:8)
  2 hogs (D:8)
  Grum (D:8)
  A hungry ghost (D:11)
  4 sky beasts
  4 orc warriors
  An ice beast (D:5)
  2 slaves (D:5)
  2 phantoms
  6 ogres
  3 wolves (D:8)
  5 centaurs
  A big kobold (D:8)
  2 bullfrogs
  A gnoll sergeant (D:7)
  A scorpion (D:4)
  6 killer bees (D:11)
  9 howler monkeys
  A quasit (D:6)
  3 crimson imps
  A bullfrog zombie (D:8)
  An orc priest (D:9)
  A bullfrog skeleton (D:8)
  6 hounds
  3 iguanas
  3 jellies
  Jessica (D:3)
  8 worker ants
  Ijyb (D:5)
  4 orc wizards
  A hound zombie (D:5)
  2 hound skeletons
  13 adders
  15 gnolls
  4 shadow imps
  2 adder zombies
  2 worms
  3 dart slugs
  5 leopard geckos
  37 orcs
  A ball python (D:3)
  8 bats
  6 giant cockroaches
  9 goblins
  5 hobgoblins
  8 jackals
  17 kobolds
  2 quokkas
  7 frilled lizards
  A jackal skeleton (D:6)
  A leopard gecko skeleton (D:4)
  8 rats
256 creatures vanquished.

Vanquished Creatures (others)
  2 plants (D:9)
2 creatures vanquished.

Grand Total: 258 creatures vanquished

Notes
Turn   | Place    | Note
-------+----------+-------------------------------------------
     0 | D:1      | Notair the Minotaur Gladiator began the quest for the Orb.
     0 | D:1      | Reached XP level 1. HP: 18/18 MP: 0/0
   218 | D:1      | Reached XP level 2. HP: 22/25 MP: 1/1
   222 | D:1      | Reached skill level 4 in Axes
   360 | D:1      | Reached skill level 1 in Armour
   838 | D:2      | Reached XP level 3. HP: 30/30 MP: 2/2
   908 | D:2      | Reached XP level 4. HP: 38/38 MP: 3/3
  1034 | D:2      | Reached skill level 5 in Axes
  1264 | D:2      | Found a bloodstained altar of Trog.
  1653 | D:2      | Found an opulent altar of Gozag.
  1780 | D:3      | Reached XP level 5. HP: 29/46 MP: 4/4
  2021 | D:3      | Reached skill level 6 in Axes
  2272 | D:3      | Found a stormy altar of Qazlal.
  2331 | D:3      | Noticed Jessica
  2342 | D:3      | Killed Jessica
  2342 | D:3      | Reached XP level 6. HP: 46/53 MP: 5/5
  2548 | D:3      | Found a burning altar of Makhleb.
  2740 | D:4      | Reached skill level 7 in Axes
  2781 | D:4      | Found a staircase to the Ecumenical Temple.
  2823 | Temple   | Entered the Ecumenical Temple
  2858 | Temple   | Became a worshipper of Warmaster Okawaru
  2938 | D:4      | Reached skill level 5 in Fighting
  3087 | D:4      | Noticed a sky beast
  3095 | D:4      | Killed a sky beast
  3095 | D:4      | Reached skill level 8 in Axes
  3095 | D:4      | Reached XP level 7. HP: 58/61 MP: 6/6
  3153 | D:4      | Reached * piety under Okawaru
  3544 | D:4      | Found a shimmering altar of Xom.
  3593 | D:5      | Entered Level 5 of the Dungeon
  3824 | D:5      | Reached skill level 9 in Axes
  3913 | D:5      | Noticed Ijyb
  3918 | D:5      | Killed Ijyb
  3935 | D:5      | Reached XP level 8. HP: 53/71 MP: 7/7
  4038 | D:5      | Noticed Pikel
  4060 | D:5      | Killed Pikel
  4060 | D:5      | Reached ** piety under Okawaru
  4060 | D:5      | Reached skill level 10 in Axes
  4481 | D:5      | Reached skill level 11 in Axes
  4506 | D:5      | Found Kunuafuc's Assorted Antiques.
  4510 | D:5      | Bought a scroll labeled PUUSUEZANWENWU for 21 gold pieces
  4510 | D:5      | Bought a wavering glass ring for 105 gold pieces
  4554 | D:5      | Found a shimmering altar of Xom.
  4667 | D:6      | Found a white marble altar of Elyvilon.
  4668 | D:6      | Found a runed door.
  4668 | D:6      | Noticed an angel
  4698 | D:6      | Noticed a troll
  4712 | D:6      | Killed a troll
  4712 | D:6      | Reached *** piety under Okawaru
  4712 | D:6      | Reached XP level 9. HP: 15/82 MP: 5/8
  5155 | D:6      | Received a gift from Okawaru
  5155 | D:6      | Reached skill level 12 in Axes
  6029 | D:7      | Found a radiant altar of Vehumet.
  6031 | D:7      | Identified the ring "Comuam" {rPois rF+ Str+3 Stlth+} (You
                  | bought it in a shop on level 5 of the Dungeon)
  6234 | D:7      | Found an ancient bone altar of Kikubaaqudgha.
  6734 | D:7      | Found a shadowy altar of Dithmenos.
  6734 | D:7      | Found a white marble altar of Elyvilon.
  7026 | D:8      | Noticed Maurice
  7037 | D:8      | Reached skill level 13 in Axes
  7040 | D:8      | Killed Maurice
  7155 | D:8      | Noticed Grum
  7156 | D:8      | Noticed Prince Ribbit
  7158 | D:8      | Reached skill level 10 in Fighting
  7159 | D:8      | Reached **** piety under Okawaru
  7166 | D:8      | Killed Grum
  7166 | D:8      | Reached XP level 10. HP: 35/93 MP: 7/9
  7169 | D:8      | Killed Prince Ribbit
  7785 | D:8      | Noticed Gastronok
  7816 | D:8      | Killed Gastronok
  7816 | D:8      | Reached skill level 14 in Axes
  8226 | D:8      | Reached skill level 15 in Axes
  8231 | D:8      | Reached ***** piety under Okawaru
  9124 | D:9      | Noticed Erolcha
  9163 | D:9      | Killed Erolcha
  9259 | D:9      | Reached XP level 11. HP: 90/103 MP: 10/10
  9446 | D:9      | Found a staircase to the Lair.
  9945 | D:10     | Entered Level 10 of the Dungeon
 10290 | D:10     | Found a portal to a secret trove of treasure.
 10558 | D:10     | Found Umevydgha's Antique Armour Shop.
 10571 | D:10     | Reached skill level 16 in Axes
 10624 | D:10     | Noticed a white ugly thing
 10635 | D:10     | Killed a white ugly thing
 11136 | D:11     | Noticed a skeletal warrior
 11136 | D:11     | Noticed a skeletal warrior
 11136 | D:11     | Noticed a skeletal warrior
 11136 | D:11     | Noticed a skeletal warrior
 11136 | D:11     | Noticed a skeletal warrior
 11146 | D:10     | Killed a skeletal warrior
 11292 | D:11     | Received a gift from Okawaru
 11393 | D:11     | Killed a skeletal warrior
 11410 | D:11     | Slain by a skeletal warrior

Vault maps used:
D:1:      tarquinn_simple_flora_water_e, minivault_5
D:2:      nicolae_overflow_crystal_walls, grunt_gozag_statues
D:3:      nicolae_qazlal_general_emergency, first_ration,
          makhleb_blood_cavern_becter, uniq_jessica
D:4:      minmay_temple_entry_glass, led_xom_imps
D:5:      kennysheep_mini, serial_shops, shop, uniq_pikel, uniq_ijyb
D:6:      lemuel_angel_altar
D:7:      vehumet_statue, kiku_gazebo_pond_becter,
          gammafunk_temple_overflow_pools
D:8:      grunt_livestock, uniq_gastronok, uniq_grum, uniq_maurice,
          uniq_prince_ribbit1
D:9:      david_lair_shrubbed, uniq_erolcha
D:10:     serial_shops, nicolae_shop_stone, nicolae_trove_entry_diagonal
D:11:     uniq_urug, uniq_fannar, uniq_sonja, uniq_nergalle, uniq_snorg
Temple:   oiseaux_autumnal_temple

Skill      XL: |  1  2  3  4  5  6  7  8  9 10 11 |
---------------+----------------------------------+-----
Axes           | 4 5 6 8 9 11 13 15 16 | 16.7
Armour         | 1 |  1.8
Fighting       | 3 4 5 6 8 10 11 12 | 12.4
Throwing       | |  2.0
Dodging        | |  3.7

Action                   |  1- 3 |  4- 6 |  7- 9 | 10-12 || total
-------------------------+-------+-------+-------+-------++-------
Melee: War axe           |    37 |   117 |   125 |   133 ||   412
       Headbutt          |     3 |    19 |    46 |    43 ||   111
       Whip              |       |       |   122 |    69 ||   191
 Fire: Blowgun           |       |       |    12 |     9 ||    21
       Fustibalus        |       |       |       |    11 ||    11
Throw: Tomahawk          |     6 |    64 |    10 |       ||    80
       Throwing net      |       |     6 |     1 |       ||     7
Invok: Heroism           |       |       |     4 |     5 ||     9
Evoke: Wand              |     2 |     1 |     2 |     4 ||     9
  Use: Scroll            |       |     7 |     4 |    15 ||    26
 Stab: Confused          |       |     1 |       |       ||     1
  Eat: Chunk             |       |     7 |    12 |    12 ||    31
       Ration            |       |       |       |     1 ||     1
Armor: Chain mail        |    24 |    70 |    99 |    59 ||   252
       Leather armour    |     4 |       |       |       ||     4
Dodge: Dodged            |    19 |    69 |   100 |    68 ||   256

Table legend:
 A = Non-vault XP
 B = Vault XP
 C = Vault XP percentage of total XP
 D = Non-vault monster count
 E = Vault monster count
 F = Vault count percentage of total count
                 A         B        C        D         E       F
            +---------+---------+-------+---------+---------+-------
      Total |    9447 |    6350 |  40.2 |     235 |      19 |   7.5
            +---------+---------+-------+---------+---------+-------
        D:1 |      36 |       0 |   0.0 |      19 |       0 |   0.0
        D:2 |     184 |       0 |   0.0 |      36 |       0 |   0.0
        D:3 |     201 |      77 |  27.7 |      25 |       2 |   7.4
        D:4 |     517 |      46 |   8.2 |      27 |       1 |   3.6
        D:5 |     891 |     653 |  42.3 |      13 |       2 |  13.3
        D:6 |    1068 |       0 |   0.0 |      17 |       0 |   0.0
        D:7 |     536 |       0 |   0.0 |      18 |       0 |   0.0
        D:8 |    1029 |    4322 |  80.8 |      19 |      12 |  38.7
        D:9 |     737 |    1252 |  62.9 |      26 |       2 |   7.1
       D:10 |    2163 |       0 |   0.0 |      21 |       0 |   0.0
       D:11 |    2085 |       0 |   0.0 |      14 |       0 |   0.0
            +---------+---------+-------+---------+---------+-------
